 Dungeon Crawl Stone Soup version 0.31.0-11-ge490571c62 (webtiles) character file.

Game seed: 332358059063574394

188 Curundu the Chopper (level 5, -1/63 HPs)
             Began as a Demonspawn Berserker on Feb 7, 2024.
             Was a Believer of Trog.
             Succumbed to tdog's ghost's poison
             ... on level 4 of the Dungeon.
             The game lasted 00:09:14 (2807 turns).

Curundu the Chopper (Demonspawn Berserker)          Turns: 2807, Time: 00:09:14

Health: -1/63      AC: 10    Str: 20    XL:     5   Next: 39%
Magic:  5/5        EV: 10    Int:  7    God:    Trog [**....]
Gold:   242        SH:  0    Dex: 12    Spells: 4/4 levels left

rFire   x . .        b - +0 war axe
rCold   + + .        (no shield)
rNeg    . . .        p - +1 ice dragon scales
rPois   .            (no helmet)
rElec   .            (no cloak)
rCorr   .            (no gloves)
SInv    .            (no boots)
Will    .....        (no amulet) Stlth
                     (no ring)
HPRegen 0.30/turn    (no ring)
MPRegen 0.09/turn

%: no passive effects
@: berserking, lethally poisoned (-1 -> -28), very quick
A: claws 2
a: Renounce Religion, Berserk, Trog's Hand


You were on level 4 of the Dungeon.
You worshipped Trog.
Trog was pleased with you.
You visited 1 branch of the dungeon, and saw 4 of its levels.

You collected 242 gold pieces.

Inventory:

Hand Weapons
 b - a +0 war axe (weapon)
Missiles
 o - 6 boomerangs (quivered)
Armour
 p - +1 ice dragon scales (worn)
Wands
 m - a wand of polymorph (8)
Scrolls
 a - a scroll of immolation
 d - 2 scrolls of vulnerability {unknown}
 f - a scroll of poison
Potions
 c - a potion of curing
 e - 2 potions of mutation
 g - 4 potions of heal wounds
 h - a potion of attraction
 l - a potion of might {unknown}


   Skills:
 + Level 4.0 Fighting
 + Level 4.0 Axes
 * Level 2.1 Armour
 + Level 2.7 Dodging
 * Level 0.8 Shields
 * Level 0.7 Evocations


You had 4 spell levels left.
You didn't know any spells.
Your spell library was empty.

Dungeon Overview and Level Annotations

Branches:
Dungeon (4/15)
 Temple: D:4-7

Altars:
Nemelex Xobeh
Yredelemnul

Annotations:
D:4 tdog's ghost, amateur SpBr


Innate Abilities, Weirdness & Mutations

You have very sharp fingernails.


Message History

Tdog's ghost misses you.
You miss tdog's ghost.
You feel sick.
Tdog's ghost hits you but does no damage.
You are more poisoned.
Tdog's ghost whispers, "Death is liberation."
Tdog's ghost barely misses you.
You barely miss tdog's ghost.
Your skin stops crawling.
You feel less strong-willed.
You feel very sick. Tdog's ghost hits you.
You are more poisoned.
You slash tdog's ghost!
Tdog's ghost is heavily damaged.
You feel very sick. Tdog's ghost closely misses you.
You closely miss tdog's ghost.
Tdog's ghost is heavily damaged.
You feel very sick.
Tdog's ghost hits you but does no damage.
You are more poisoned.
You hit tdog's ghost.
Tdog's ghost is severely damaged.
You feel very sick. Tdog's ghost closely misses you.
Tdog's ghost barely misses you.
You closely miss tdog's ghost.
Tdog's ghost is severely damaged.
You feel very sick. Tdog's ghost hits you.
* * * LOW HITPOINT WARNING * * *
You are lethally poisoned!
You slash tdog's ghost!
Tdog's ghost is almost destroyed.
* * * LOW HITPOINT WARNING * * *
You feel very sick. Tdog's ghost hits you.
* * * LOW HITPOINT WARNING * * *
You are more poisoned.
A red film seems to cover your vision as you go berserk!
You feel yourself moving faster!
You feel mighty!
You die...

#################
~~~~~~#......<..#
~[~~~~'w.######.#
~~~~~~#W#..<......
########@######.
## #.# #.# #.. #.#
#.# #.# #..


You could see a ribbon worm and tdog's ghost.

Vanquished Creatures
  Jessica (D:2)
  Natasha (twice) (D:2)
  3 adders (D:2)
  A river rat (D:4)
  3 dart slugs
  A ribbon worm (D:3)
  6 bats
  3 endoplasms (D:1)
  A giant cockroach (D:2)
  3 goblins (D:1)
  8 hobgoblins
  6 jackals
  13 kobolds
  3 quokkas (D:1)
  5 ball pythons
  7 frilled lizards (D:1)
  3 rats
69 creatures vanquished.

Notes
Turn   | Place    | Note
-------+----------+-------------------------------------------
     0 | D:1      | Curundu the Demonspawn Berserker began the quest for the
                  | Orb.
     0 | D:1      | Reached XP level 1. HP: 18/18 MP: 1/1
    76 | D:1      | Gained mutation: You have sharp fingernails. [demonic
                  | ancestry]
    76 | D:1      | Reached XP level 2. HP: 17/24 MP: 2/2
   454 | D:1      | Found a faded altar of an unknown god.
   566 | D:1      | Reached ** piety under Trog
   595 | D:1      | Gained mutation: You have very sharp fingernails. [demonic
                  | ancestry]
   595 | D:1      | Reached XP level 3. HP: 22/29 MP: 3/3
  1331 | D:2      | Noticed Jessica
  1345 | D:2      | Killed Jessica
  1346 | D:2      | Reached XP level 4. HP: 33/37 MP: 4/4
  1453 | D:2      | Noticed Natasha
  1463 | D:2      | Killed Natasha
  1665 | D:2      | Noticed Natasha
  1680 | D:2      | Killed Natasha
  1681 | D:2      | Reached XP level 5. HP: 15/42 MP: 5/5
  2361 | D:3      | Found a sparkling altar of Nemelex Xobeh.
  2415 | D:3      | Found a basalt altar of Yredelemnul.
  2767 | D:4      | Found a runed translucent door.
  2770 | D:4      | Noticed tdog's ghost (amateur SpBr)
  2807 | D:4      | Succumbed to tdog's ghost's poison

Illustrated notes

Levels and vault maps discovered:
D:1:      shiori_arrival_maze, layout_rooms, ebering_ecumenical_altar_petrified,
          lexackson_kobold_supper
D:2:      layout_rooms, uniq_jessica, uniq_natasha
D:3:      layout_rooms, mainiacjoe_overflow_six_doors_small,
          mainiacjoe_overflow_brackets, minivault_25
D:4:      layout_loops_corners, nicolae_overflow_hidden_temple,
          kennysheep_mini_moat, mainiacjoe_overflow_surrounded_room,
          ebering_ghost_sewer_f

Skill      XL: |  1  2  3  4 |
---------------+-------------+-----
Axes           | 3 4 |  4.0
Dodging        | 2 |  2.7
Armour         | 2 |  2.1
Fighting       | 4 |  4.0
Shields        | |  0.8
Evocations     | |  0.7

Action                     |  1- 3 |  4- 6 || total
---------------------------+-------+-------++-------
  Melee: Hand axe          |   125 |    51 ||   176
         Punch             |     1 |     1 ||     2
         War axe           |       |    35 ||    35
 Invoke: Berserk           |     2 |     2 ||     4
         Trog's Hand       |     1 |     1 ||     2
    Use: Scroll            |       |    12 ||    12
 Armour: Animal skin       |    94 |    27 ||   121
         Ice dragon scales |       |    34 ||    34
  Dodge: Dodged            |    93 |    55 ||   148
